 Dungeon Crawl Stone Soup version 0.21-a0-616-g6d9b277d69 (webtiles) character file.

1262 GordonOverkill the Poker (level 8, -7/70 HPs)
             Began as a Centaur Berserker on Dec 23, 2017.
             Was an Elder of Trog.
             Mangled by a gnoll sergeant
             ... wielding a +0 spear
              (8 damage)
             ... on level 5 of the Dungeon.
             The game lasted 00:10:55 (4906 turns).

GordonOverkill the Poker (Centaur Berserker)        Turns: 4906, Time: 00:10:56

Health: -7/70      AC:  9    Str: 22    XL:     8   Next: 27%
Magic:  10/10      EV:  4    Int:  6    God:    Trog [****..]
Gold:   212        SH:  0    Dex:  9    Spells: 7/7 levels left

rFire    . . .     SeeInvis .   t - +0 trident
rCold    . . .     Gourm    .   (no shield)
rNeg     + . .     Faith    +   l - +0 scale mail
rPois    .         Spirit   .   b - +1 helmet
rElec    .         Reflect  .   (no cloak)
rCorr    .         Harm     .   g - +0 pair of gloves
MR       .....                  (no barding)
Stlth    ..........             q - amulet of faith
HPRegen  0.21/turn              f - ring of positive energy
MPRegen  0.12/turn              (no ring)

@: berserk cooldown, held, slowed
A: large, hooves 3, deformed body, speed 2, tough skin 3
a: Berserk, Trog's Hand, Brothers in Arms, Burn Spellbooks, Renounce Religion


You were on level 5 of the Dungeon.
You worshipped Trog.
Trog was greatly pleased with you.
You were not hungry.

You visited 1 branch of the dungeon, and saw 5 of its levels.

You collected 212 gold pieces.

Inventory:

Hand Weapons
 t - a +0 trident (weapon)
Armour
 b - a +1 helmet (worn)
 g - a +0 pair of gloves (worn)
 l - a +0 scale mail (worn)
Jewellery
 f - a ring of positive energy (left hand)
 q - an amulet of faith (around neck)
 x - an uncursed ring of protection from fire
Wands
 a - a wand of flame (11)
 p - a wand of disintegration (15)
Scrolls
 h - 3 scrolls of identify
 i - a scroll of teleportation
 n - a scroll of immolation
 r - 2 scrolls of fear
 v - a scroll of remove curse
Potions
 d - 2 potions of heal wounds
 e - 3 potions of brilliance
 k - a potion of invisibility
 m - 2 potions of degeneration
 o - a potion of curing
 s - a potion of magic
 u - a potion of ambrosia
Comestibles
 c - 9 rations
 j - 12 chunks of flesh


   Skills:
 - Level 6.0 Fighting
 + Level 7.1 Polearms
 - Level 2.0 Armour
 - Level 2.0 Dodging
 - Level 3.1 Evocations


You had 7 spell levels left.
You didn't know any spells.

Dungeon Overview and Level Annotations

Branches:
Dungeon (5/15)             Temple (0/1) D:5

Altars:
Ashenzari
Fedhas
Gozag
Hepliaklqana
Vehumet
Zin


Innate Abilities, Weirdness & Mutations

You have hooves in place of feet.
Armour fits poorly on your strangely shaped body.
You cover ground very quickly.
You have extremely tough skin. (AC +3)


Message History

You see here a throwing net.
You struggle against the net.
The gnoll hits you with a quarterstaff.
* * * LOW HITPOINT WARNING * * *
The gnoll barely misses you. The gnoll hits you with a quarterstaff.
* * * LOW HITPOINT WARNING * * *
You struggle against the net.
You hear the brisk rusting of a very distant drain.
The centaur zombie hits you.
* * * LOW HITPOINT WARNING * * *
The orc hits you from afar with a trident.
* * * LOW HITPOINT WARNING * * *
The gnoll barely misses you. The gnoll hits you but does no damage.
The gnoll sergeant hits you but does no damage.
The centaur zombie hits you but does no damage.
The orc hits you but does no damage. The gnoll hits you but does no damage.
You tear a large gash into the net.
The centaur zombie hits you.
* * * LOW HITPOINT WARNING * * *
The gnoll hits you but does no damage.
The gnoll sergeant hits you from afar with a spear!
You die...

. ########.. ##### ...........
#...#####.. ......##...
##gg@......#
....#..#...##goZg#######
###...........g..# ###
#..(.......?.....##########.##.#
...(.........#...............#.#
...............##..........#.#.#
...(.......................#.#.##
..................####.>.........
...)..........#...# #...........


You could see a gnoll sergeant, 4 gnolls, an orc and a centaur zombie.

Vanquished Creatures
  Sigmund (D:3)
  3 ogres
  A centaur (D:5)
  2 scorpions (D:4)
  3 bullfrog skeletons
  A hound (D:4)
  3 orc priests (D:3)
  A bullfrog zombie (D:5)
  2 jellies (D:4)
  An orc wizard (D:3)
  Jessica (D:3)
  A worker ant (D:4)
  A worker ant zombie (D:5)
  Robin (D:3)
  4 gnolls (D:3)
  5 adders
  2 shadow imps (D:3)
  9 oozes
  An adder skeleton (D:5)
  2 worms
  6 leopard geckos
  10 orcs
  A ball python (D:3)
  3 giant cockroaches
  20 goblins
  10 hobgoblins
  7 jackals (D:5)
  2 quokkas
  A ball python zombie (D:5)
  7 bats
  9 frilled lizards
  A giant cockroach zombie (D:5)
  A jackal skeleton (D:5)
  A jackal zombie (D:5)
  16 kobolds
  A leopard gecko zombie (D:5)
  2 quokka zombies (D:5)
  6 rats
149 creatures vanquished.

Vanquished Creatures (others)
  10 toadstools (D:4)
10 creatures vanquished.

Grand Total: 159 creatures vanquished

Notes
Turn   | Place    | Note
-------+----------+-------------------------------------------
     0 | D:1      | GordonOverkill the Centaur Berserker began the quest for the Orb.
     0 | D:1      | Reached XP level 1. HP: 19/19 MP: 1/1
   171 | D:1      | Reached XP level 2. HP: 26/26 MP: 2/2
   457 | D:1      | Reached skill level 3 in Polearms
   598 | D:1      | Reached XP level 3. HP: 31/31 MP: 3/3
   728 | D:1      | Reached ** piety under Trog
  1507 | D:2      | Found a glowing silver altar of Zin.
  1964 | D:3      | Found a transporter.
  1966 | D:3      | Reached XP level 4. HP: 38/38 MP: 4/4
  2188 | D:3      | Noticed Jessica
  2205 | D:3      | Reached *** piety under Trog
  2226 | D:3      | Killed Jessica
  2485 | D:3      | Found a transporter.
  2490 | D:3      | Noticed Robin
  2499 | D:3      | Reached XP level 5. HP: 40/46 MP: 5/5
  2506 | D:3      | Reached skill level 4 in Polearms
  2522 | D:3      | Killed Robin
  2816 | D:3      | Noticed Sigmund
  2826 | D:3      | Killed Sigmund
  2826 | D:3      | Reached skill level 5 in Fighting
  2826 | D:3      | Reached XP level 6. HP: 56/56 MP: 6/6
  2890 | D:3      | Found a radiant altar of Vehumet.
  2965 | D:3      | Found a blossoming altar of Fedhas.
  3170 | D:3      | Reached skill level 5 in Polearms
  3310 | D:4      | Reached XP level 7. HP: 38/61 MP: 7/7
  3490 | D:4      | Reached **** piety under Trog
  3533 | D:4      | Found a hazy altar of Hepliaklqana.
  3827 | D:4      | Found a shattered altar of Ashenzari.
  3983 | D:4      | Reached skill level 6 in Polearms
  4003 | D:4      | Reached skill level 1 in Evocations
  4252 | D:4      | Found an opulent altar of Gozag.
  4627 | D:5      | Entered Level 5 of the Dungeon
  4701 | D:5      | Reached XP level 8. HP: 35/70 MP: 9/9
  4777 | D:5      | Found a staircase to the Ecumenical Temple.
  4867 | D:5      | Reached skill level 7 in Polearms
  4906 | D:5      | HP: 1/70 [centaur zombie (6)]
  4906 | D:5      | Mangled by a gnoll sergeant

Vault maps used:
D:1:      scummos_arrival_simple_fountains, st_stairs_10
D:2:      overflow_temple_1_default
D:3:      gammafunk_wand_slinger, fedhas_altar_4, lemuel_doored_altar,
          st_stairs_11, uniq_robin, uniq_jessica, uniq_sigmund
D:4:      cheibrodos_fertilizer, grunt_gozag_statues, overflow_temple_1_default,
          evilmike_ruin_ashenzari, first_ration, serial_bayou_pond_b,
          lemuel_statue_altar
D:5:      old_standard_altar, minmay_temple_entry_mist,
          cheibrodos_sewer_entry_bend, serial_undead, serial_undead_e,
          serial_undead_d, serial_undead_c, serial_undead_b

Skill      XL: |  1  2  3  4  5  6  7  8 |
---------------+-------------------------+-----
Polearms       | 3 4 5 6 7 |  7.1
Dodging        | 2 |  2.0
Armour         | 2 |  2.0
Fighting       | 4 5 6 |  6.0
Evocations     | 2 3 |  3.1

Action                   |  1- 3 |  4- 6 |  7- 9 || total
-------------------------+-------+-------+-------++-------
Melee: Spear             |   158 |    57 |       ||   215
       Kick              |    12 |    15 |    26 ||    53
       Trident           |       |    89 |   133 ||   222
Invok: Berserk           |     3 |     4 |     6 ||    13
  Use: Potion            |       |     1 |       ||     1
       Scroll            |       |       |    15 ||    15
  Eat: Chunk             |     3 |     6 |    11 ||    20
       Ration            |     1 |       |       ||     1
Armor: Animal skin       |    31 |       |       ||    31
       Scale mail        |    15 |    48 |    70 ||   133
Dodge: Dodged            |    51 |    47 |    61 ||   159

Table legend:
 A = Spawn XP
 B = Non-spawn XP
 C = Spawn XP percentage of total XP
 D = Spawn monster count
 E = Non-spawn monster count
 F = Spawn count percentage of total count
 G = Total turns spent on level
                    A         B        C        D         E        F      G
               +---------+---------+-------+---------+---------+-------+---------
         Total |       0 |    1804 |   0.0 |       0 |     149 |   0.0 |  4906
               +---------+---------+-------+---------+---------+-------+---------
           D:1 |       0 |      49 |   0.0 |       0 |      29 |   0.0 |  1109
           D:2 |       0 |      47 |   0.0 |       0 |      15 |   0.0 |   854
           D:3 |       0 |     620 |   0.0 |       0 |      49 |   0.0 |  1338
           D:4 |       0 |     605 |   0.0 |       0 |      31 |   0.0 |  1334
           D:5 |       0 |     483 |   0.0 |       0 |      25 |   0.0 |   271
               +---------+---------+-------+---------+---------+-------+---------
